 Dungeon Crawl Stone Soup version 0.32-a0-898-g7811c86 (webtiles) character file.

Game seed: 11169591888693123551

1075 Shrooty the Chopper (level 8, -4/70 HPs)
             Began as a Minotaur Berserker on Apr 4, 2024.
             Was a Priest of Trog.
             Slain by a gnoll
             ... wielding a +0 spear
             ... led by a gnoll bouda
              (8 damage)
             ... on level 5 of the Dungeon.
             The game lasted 00:36:33 (3509 turns).

Shrooty the Chopper (Minotaur Berserker)            Turns: 3509, Time: 00:36:33

Health: -4/70      AC:  7    Str: 23    XL:     8   Next: 8%
Magic:  7/7        EV: 10    Int: 10    God:    Trog [***...]
Gold:   93         SH:  4    Dex: 11    Spells: 7/7 levels left

rFire   . . .        a - +0 hand axe
rCold   . . .        m - +0 buckler
rNeg    . . .        A - +0 scale mail
rPois   .            (helmet restricted)
rElec   .            C - scarf {shadows}
rCorr   .            (no gloves)
SInv    .            (no boots)
Will    ++...        (no amulet) Stlth
                     y - +6 ring of intelligence
HPRegen 1.31/turn    (no ring)
MPRegen 0.10/turn

%: no passive effects
@: strong-willed, on berserk cooldown, regenerating, slowed, very slow
A: horns 2, retaliatory headbutt
a: Renounce Religion, Berserk, Trog's Hand


You were on level 5 of the Dungeon.
You worshipped Trog.
Trog was most pleased with you.
You visited 1 branch of the dungeon, and saw 5 of its levels.

You collected 117 gold pieces.
You spent 24 gold pieces at shops.

Inventory:

Hand Weapons
 a - a +0 hand axe (weapon)
 c - a +0 short sword
 l - a +0 hand axe
 u - a +1 mace of protection
 w - a +0 club
Missiles
 d - 42 stones (quivered)
 x - 2 throwing nets
Armour
 b - a +0 animal skin
 e - a +0 leather armour
 f - a +0 ring mail
 m - a +0 buckler (worn)
 v - a +0 helmet
 A - a +0 scale mail (worn)
 C - a scarf of shadows (worn)
 K - a +0 chain mail
Jewellery
 y - a +6 ring of intelligence (left hand)
 J - a ring of fire
Talismans
 o - a granite talisman
 I - a maw talisman
Wands
 z - a wand of flame (49)
Scrolls
 g - a scroll of vulnerability {unknown}
 h - 2 scrolls of identify
 n - 2 scrolls of torment {unknown}
 p - a scroll of teleportation {unknown}
 q - a scroll of enchant armour {unknown}
 r - a scroll of amnesia {unknown}
 s - a scroll of blinking {unknown}
 D - a scroll of fog {unknown}
 F - a scroll of noise {unknown}
 H - a scroll of revelation {unknown}
Potions
 i - a potion of haste {unknown}
 j - a potion of might {unknown}
 k - a potion of experience {unknown}
 t - 2 potions of degeneration {unknown}
 B - a potion of lignification {unknown}
 E - a potion of mutation {unknown}
 G - a potion of curing {unknown}


   Skills:
 + Level 6.0 Fighting
 + Level 7.5 Axes
 + Level 6.4 Armour
 + Level 4.4 Dodging
 + Level 0.2 Stealth
 + Level 2.1 Shields


You had 7 spell levels left.
You didn't know any spells.
Your spell library contained the following spells:

 Spells                   Type           Power      Damage    Failure   Level
 Summon Small Mammal      Summ           0%         N/A       71%         1
 Blink                    Tloc           0%         N/A       85%         2
 Lesser Beckoning         Tloc           0%         N/A       85%         2
 Momentum Strike          Conj/Tloc      0%         3d8       85%         2
 Call Canine Familiar     Summ           0%         N/A       97%         3
 Summon Blazeheart Golem  Fire/Summ      0%         N/A       100%        4


Dungeon Overview and Level Annotations

Branches:
Dungeon (5/15)             Temple (0/1) D:4

Altars:
Wu Jian

Shops:
D:1 [   D:4 =![[*


Innate Abilities, Weirdness & Mutations

You have a pair of horns on your head.
You reflexively headbutt those who attack you in melee.


Message History

* * * LOW HITPOINT WARNING * * *
Things that are here:
a +0 falchion; a +0 leather armour; an orc corpse You slash the sleepcap!
You headbutt the sleepcap!
The sleepcap is severely damaged.
The gnoll is no longer moving quickly.
The gnoll misses you. The gnoll barely misses you.
The sleepcap closely misses you.
Unknown command.
You hit the sleepcap.
You destroy the sleepcap!
Trog accepts your kill. The gnoll hits you but does no damage.
Unknown command.
The gnoll closely misses you.
Items here: ))))) [ ††.
You feel a strong urge to attack something.
The gnoll attacks as it pursues you!
The gnoll hits you from afar with a +0 spear.
* * * LOW HITPOINT WARNING * * *
You are no longer berserk.
You are exhausted.
You feel yourself slow down. The gnoll attacks as it pursues you!
The gnoll closely misses you.
Your skin crawls.
You feel strong-willed.
The gnoll is no longer moving quickly.
An iguana comes into view.
You block the gnoll's attack. x2; The gnoll closely misses you.
The iguana hisses angrily.
The gnoll attacks as it pursues you! The gnoll closely misses you.
The gnoll hits you but does no damage. The gnoll attacks as it pursues you!
The gnoll hits you but does no damage. The gnoll completely misses you.
The gnoll barely misses you. The iguana attacks as it pursues you!
The iguana bites you!
* * * LOW HITPOINT WARNING * * *
The gnoll closely misses you. The gnoll hits you but does no damage.
The iguana closely misses you.
You hit the iguana but do no damage. You block the gnoll's attack.
The gnoll hits you from afar with a +0 spear!
You die...

..###### ####
......@####).### ###
......l.g..))).## ...
........g.......####...
.................##....
.....(........#...#..s.
.............###...<...
....................##.
#......................
.........###...##


You could see an iguana and 2 gnolls.

Vanquished Creatures
  Grinder (D:3)
  A centaur (D:5)
  A phantom (D:4)
  3 scorpions
  2 hounds
  A jelly (D:4)
  Crazy Yiuf (D:2)
  An orc priest (D:5)
  A bombardier beetle (D:3)
  A gnoll bouda (D:5)
  2 sleepcaps
  Ijyb (D:3)
  2 iguanas
  2 orc wizards (D:5)
  Robin (D:2)
  2 gnolls (D:5)
  5 adders
  2 dart slugs
  A ribbon worm (D:3)
  7 orcs
  6 endoplasms
  4 giant cockroaches
  14 goblins
  11 hobgoblins
  A quokka (D:2)
  10 ball pythons
  7 bats
  2 frilled lizards (D:1)
  6 kobolds
  6 rats
105 creatures vanquished.

Notes
Turn   | Place    | Note
-------+----------+-------------------------------------------
     0 | D:1      | Shrooty the Minotaur Berserker began the quest for the Orb.
     0 | D:1      | Reached XP level 1. HP: 19/19 MP: 0/0
    74 | D:1      | Found Efeweosm's Antique Armour Emporium.
   332 | D:1      | Reached skill level 4 in Axes
   332 | D:1      | Reached XP level 2. HP: 27/27 MP: 1/1
   811 | D:2      | Noticed Robin
   822 | D:2      | Reached XP level 3. HP: 33/33 MP: 2/2
   827 | D:2      | Reached ** piety under Trog
   839 | D:2      | Killed Robin
  1143 | D:2      | Reached XP level 4. HP: 26/40 MP: 3/3
  1355 | D:2      | Reached skill level 5 in Axes
  1485 | D:2      | Found a runed translucent door.
  1486 | D:2      | Noticed Crazy Yiuf
  1493 | D:2      | Killed Crazy Yiuf
  1494 | D:2      | Reached XP level 5. HP: 33/47 MP: 4/4
  1670 | D:3      | Noticed Grinder
  1675 | D:3      | Paralysed by Grinder for 2 turns
  1680 | D:3      | Killed Grinder
  1681 | D:3      | Reached skill level 1 in Shields
  1681 | D:3      | Reached XP level 6. HP: 55/55 MP: 5/5
  1871 | D:3      | Reached skill level 5 in Armour
  1958 | D:3      | Noticed Ijyb
  1982 | D:3      | Killed Ijyb
  1983 | D:3      | Reached skill level 6 in Axes
  2217 | D:3      | Found a faded altar of an unknown god.
  2232 | D:3      | Found a faded altar of an unknown god.
  2362 | D:3      | Reached *** piety under Trog
  2444 | D:4      | Reached skill level 5 in Fighting
  2555 | D:4      | Found Tebem's Distillery.
  2623 | D:4      | Reached XP level 7. HP: 55/61 MP: 6/6
  2647 | D:4      | Found a staircase to the Ecumenical Temple.
  2730 | D:4      | Found an ornate altar of the Wu Jian Council.
  2845 | D:4      | Found Lurchyuny's General Store.
  2853 | D:4      | Bought a scroll of identify for 24 gold pieces
  2858 | D:4      | Found Okhem's Armour Shop.
  2958 | D:4      | Found Pulerph's Jewellery Emporium.
  3050 | D:4      | Found Yqaohosm's Antique Armour Shoppe.
  3409 | D:5      | Entered Level 5 of the Dungeon
  3461 | D:5      | Reached skill level 7 in Axes
  3494 | D:5      | Reached XP level 8. HP: 12/70 MP: 7/7
  3494 | D:5      | HP: 4/105 [orc/+0 club (5)]
  3502 | D:5      | HP: 1/105 [gnoll/+0 spear[a gnoll bouda] (3)]
  3508 | D:5      | HP: 3/70 [iguana (8)]
  3509 | D:5      | Slain by a gnoll

Illustrated notes

Levels and vault maps discovered:
D:1:      dpeg_arrival_more_subterranean_lakeside_camping, layout_basic,
          serial_shops, shop, corexii_item_surrounded_by_moat,
          minmay_pentomino_v4
D:2:      layout_rooms, uniq_robin, uniq_crazy_yiuf_cottage
D:3:      layout_loops_ring, hellmonk_ecumenical_altar_the_god_not_taken,
          uniq_grinder, uniq_ijyb
D:4:      layout_loops_ring, lemuel_coloured_pillars_altar,
          minmay_temple_entry_purple_smoke, serial_shops,
          nicolae_take_the_stairs, shop, nicolae_shop_window_shopping,
          nicolae_diamond_shop, nicolae_shop_rolling_square
D:5:      layout_cave_pods, serial_shops, nicolae_inconvenience_store

Skill      XL: |  1  2  3  4  5  6  7  8 |
---------------+-------------------------+-----
Fighting       | 4 5 6 |  6.0
Axes           | 4 5 6 7 |  7.5
Dodging        | 3 4 |  4.4
Armour         | 3 4 5 6 |  6.4
Shields        | 1 2 |  2.1
Stealth        | |  0.2

Action                     |  1- 3 |  4- 6 |  7- 9 || total
---------------------------+-------+-------+-------++-------
  Melee: Hand axe          |    75 |   111 |    49 ||   235
         Headbutt          |     7 |    16 |     7 ||    30
 Invoke: Berserk           |     1 |     1 |     1 ||     3
         Trog's Hand       |       |       |     2 ||     2
 Armour: Animal skin       |     9 |       |       ||     9
         Ring mail         |    57 |    52 |       ||   109
         Scale mail        |       |    30 |    56 ||    86
  Dodge: Dodged            |    52 |    41 |    47 ||   140
  Block: Buckler           |     5 |    18 |    19 ||    42

Table legend: (Time is in decaauts)
 A = Elapsed time spent in this place.
 B = Non-inter-level travel time spent in this place.
 C = Inter-level travel time spent in this place.
 D = Time resting spent in this place.
 E = Time spent auto-exploring this place.
 F = Levels seen in this place.
 G = Mean time per level.
                   A        B        C        D        E       F      G
               +--------+--------+--------+--------+--------+-----+--------+
         Total |   3535 |   3526 |      9 |    335 |   1274 |   5 |  707.0 |
       Dungeon |   3535 |   3526 |      9 |    335 |   1274 |   5 |  707.0 |
               +--------+--------+--------+--------+--------+-----+--------+

Top non-repeatable levels by time:
     D:4: 1026 daAuts
     D:2: 835 daAuts
     D:1: 801 daAuts
     D:3: 777 daAuts
     D:5: 93 daAuts
